 Dungeon Crawl Stone Soup version 0.27.1-33-g824d729ab1 (webtiles) character file.

Game seed: 1467807297791588532

360 Descartes the Sneak (level 6, -1/32 HPs)
             Began as a Spriggan Wanderer on Dec 3, 2021.
             Killed from afar by Eustachio (3 damage)
             ... with a puff of flame
             ... on level 4 of the Dungeon.
             The game lasted 00:08:35 (4107 turns).

Descartes the Sneak (Spriggan Wanderer)             Turns: 4107, Time: 00:08:36

Health: -1/32      AC:  3    Str: 10    XL:     6   Next: 38%
Magic:  7/7        EV: 18    Int: 13    God:
Gold:   132        SH:  0    Dex: 15    Spells: 4/5 levels left

rFire    + + .     SeeInvis +   a - +2 whip (elec)
rCold    . . .     Faith    .   (shield restricted)
rNeg     . . .     Spirit   .   d - +0 robe
rPois    .         Reflect  .   (helmet restricted)
rElec    .         Harm     .   e - +0 cloak
rCorr    .         Rampage  .   (gloves unavailable)
Will     +....                  (boots unavailable)
Stlth    +++.......             (no amulet)
HPRegen  0.10/turn              p - ring of protection from fire
MPRegen  0.10/turn              u - ring of protection from fire

@: studying Shields, very quick
A: very small, no large weapons, unfitting armour, see invisible, speed 3
a: no special abilities


You were on level 4 of the Dungeon.
You visited 1 branch of the dungeon, and saw 4 of its levels.

You collected 132 gold pieces.

Inventory:

Hand Weapons
 a - a +2 whip of electrocution (weapon)
 b - a +2 vorpal shortbow
 k - a +0 quarterstaff
Missiles
 g - 16 arrows
 h - 5 poisoned darts
 l - 134 stones
 m - 78 bolts
 n - 39 sling bullets
 w - 3 throwing nets (quivered)
Armour
 d - a +0 robe (worn)
 e - a +0 cloak (worn)
Jewellery
 p - a ring of protection from fire (left hand)
 u - a ring of protection from fire (right hand)
Scrolls
 f - a scroll of fog {unknown}
 i - a scroll of enchant weapon {unknown}
 j - 6 scrolls of identify {unknown}
 r - 2 scrolls of teleportation {unknown}
 s - a scroll of amnesia {unknown}
 t - a scroll of enchant armour {unknown}
 x - a scroll of vulnerability {unknown}
 y - 2 scrolls of brand weapon {unknown}
 z - a scroll of fear {unknown}
Potions
 c - 2 potions of lignification
 q - 2 potions of might {unknown}
 v - a potion of berserk rage {unknown}
 A - a potion of degeneration {unknown}
 B - a potion of haste {unknown}


   Skills:
 - Level 2.4 Fighting
 - Level 1.3(1.7) Short Blades
 - Level 1.0(1.2) Long Blades
 - Level 1.3 Staves
 + Level 4.5 Dodging
 + Level 5.4 Stealth
 + Level 3.1 Shields
 + Level 2.4 Poison Magic
 - Level 2.6 Evocations


You had 4 spell levels left.
You knew the following spells:

 Your Spells              Type           Power      Damage    Failure   Level
a - Sting                 Tmut/Pois      12%        1d3       19%         1

Your spell library contained the following spells:

 Spells                   Type           Power      Damage    Failure   Level
 Poisonous Vapours        Pois/Air       6%         N/A       28%         2
 Dazzling Flash           Conj/Hex       0%         N/A       67%         3
 Olgreb's Toxic Radiance  Pois           6%         N/A       75%         4
 Agony                    Necr           0%         N/A       100%        5
 Silence                  Hex/Air        0%         N/A       100%        5


Dungeon Overview and Level Annotations

Branches:
Dungeon (4/15)
 Temple: D:4-7

Altars:
Qazlal
Ru

Shops:
D:1 *   D:2 [   D:3 :

Annotations:
D:4 Eustachio


Innate Abilities, Weirdness & Mutations

You are very small and have problems with some larger weapons.
You are too small for most types of armour.
You have supernaturally acute eyesight. (SInv)
You cover ground extremely quickly. (Speed+++)


Message History

You are too injured to fight recklessly!
Unknown command.
You hit Eustachio.
Eustachio is severely wounded.
Eustachio completely misses you.
You closely miss Eustachio.
Eustachio is severely wounded.
Eustachio zaps a wand.
The puff of flame hits you. You resist.
The shadow imp shouts, "Escape, thou dankish doghearted fizzle-flop!"
You closely miss Eustachio.
Eustachio is severely wounded.
Eustachio zaps a wand.
The puff of flame hits you. You resist. The white imp misses you.
The iron imp hits you.
* * * LOW HITPOINT WARNING * * *
You feel better. Eustachio closely misses you.
The white imp hits you but does no damage.
You hit Eustachio.
Eustachio is severely wounded.
Eustachio closely misses you. The iron imp completely misses you.
The white imp barely misses you.
You closely miss Eustachio.
Eustachio is severely wounded.
Eustachio zaps a wand.
The puff of flame hits you. You resist. The iron imp closely misses you.
The white imp shouts, "Bolt, thou dankish clapper-clawed ratsbane!"
The white imp gestures at you. The puff of frost hits you!
* * * LOW HITPOINT WARNING * * *
You closely miss Eustachio.
Eustachio is severely wounded.
Eustachio closely misses you. The white imp hits you.
* * * LOW HITPOINT WARNING * * *
The white imp freezes you.
* * * LOW HITPOINT WARNING * * *
The iron imp barely misses you. Eustachio misses you.
You see here 13 gold pieces.
Eustachio screams, "At last I'll have my revenge!"
Eustachio zaps a wand.
The puff of flame misses you.
Eustachio zaps a wand.
The puff of flame hits you. You resist.
You die...

####### ....)..##
.......@## ######
.........# #.....#
.........#######..# #.#
.........##......# #.#
........!...#...## #.##
.......5.........## #..#
......@55.........####..
...................####.
##.#?#..................


You could see Eustachio, an iron imp (summoned), a white imp (summoned) and a
shadow imp (summoned).

Vanquished Creatures
  A scorpion (D:4)
  A water moccasin skeleton (D:4)
  A hound (D:4)
  A jelly (D:4)
  An iguana (D:4)
  An orc wizard (D:4)
  A hound skeleton (D:3)
  4 adders (D:3)
  5 dart slugs
  3 orcs (D:4)
  9 endoplasms
  3 giant cockroaches
  3 goblins
  10 hobgoblins
  3 jackals (D:3)
  8 kobolds
  7 ball pythons
  9 bats
  5 frilled lizards
  A quokka skeleton (D:4)
  8 rats
85 creatures vanquished.

Notes
Turn   | Place    | Note
-------+----------+-------------------------------------------
     0 | D:1      | Descartes the Spriggan Wanderer began the quest for the
                  | Orb.
     0 | D:1      | Descartes set off with the following items: a +0
                  | quarterstaff, 3 throwing nets, a potion of lignification, a
                  | +0 robe
     0 | D:1      | Reached XP level 1. HP: 11/11 MP: 2/2
   231 | D:1      | Reached skill level 2 in Stealth
   352 | D:1      | Reached XP level 2. HP: 16/16 MP: 3/3
   406 | D:1      | Reached skill level 1 in Short Blades
   515 | D:1      | Found a faded altar of an unknown god.
   861 | D:1      | Found a sacrificial altar of Ru.
   885 | D:1      | Found Teot's General Store.
  1116 | D:1      | Reached XP level 3. HP: 18/19 MP: 4/4
  1329 | D:2      | Reached skill level 3 in Stealth
  1782 | D:2      | Found Nymaival's Antique Armour Boutique.
  1959 | D:2      | Reached skill level 1 in Shields
  1964 | D:2      | Learned a level 1 spell: Sting
  2436 | D:3      | Found a stormy altar of Qazlal.
  2454 | D:3      | Found Etoromedgh's Book Emporium.
  2548 | D:3      | Reached XP level 4. HP: 23/23 MP: 5/5
  2897 | D:3      | Reached skill level 1 in Poison Magic
  2919 | D:3      | Reached skill level 4 in Stealth
  3259 | D:4      | Noticed a scorpion
  3266 | D:4      | Killed a scorpion
  3267 | D:4      | Reached XP level 5. HP: 27/27 MP: 6/6
  3420 | D:4      | Reached skill level 5 in Stealth
  3420 | D:4      | Reached XP level 6. HP: 17/32 MP: 7/7
  4082 | D:4      | Noticed Eustachio
  4107 | D:4      | Killed from afar by Eustachio

Illustrated notes

Levels and vault maps discovered:
D:1:      sevenhm_arrival_forest_fort_small_6, layout_basic,
          shapermc_ecumenical_altar_venn, serial_shops, shop
D:2:      layout_basic, serial_shops, shop
D:3:      layout_loops_ring, marbit_many_paths, serial_shops,
          nicolae_square_shop, minmay_joined_circles
D:4:      layout_rooms, uniq_eustachio

Skill      XL: |  1  2  3  4  5  6 |
---------------+-------------------+-----
Stealth        | 2 3 4 5 |  5.4
Dodging        | 2 3 4 |  4.5
Short Blades   | 1 |  1.3
Shields        | 1 2 3 |  3.1
Poison Magic   | 1 2 |  2.4
Fighting       | |  2.4
Long Blades    | |  1.0
Staves         | |  1.3
Evocations     | |  2.6

Action                   |  1- 3 |  4- 6 || total
-------------------------+-------+-------++-------
Melee: Quarterstaff      |    21 |       ||    21
       Whip              |   115 |    94 ||   209
 Fire: Shortbow          |       |    21 ||    21
  Use: Potion            |       |     4 ||     4
 Stab: Sleeping          |     7 |     5 ||    12
Armor: Robe              |    19 |    13 ||    32
Dodge: Dodged            |   115 |    97 ||   212
